 Dungeon Crawl Stone Soup version 0.31-a0-180-g519b7de00c (webtiles) character file.

Game seed: 4777397168300655981

16040 Elmgren the Severer (level 12, -2/124 HPs)
             Began as a Minotaur Berserker on June 19, 2023.
             Was an Elder of Trog.
             Succumbed to a cane toad's poison
             ... on level 1 of the Lair of Beasts on June 20, 2023.
             The game lasted 00:29:50 (14266 turns).

Elmgren the Severer (Minotaur Berserker)           Turns: 14266, Time: 00:29:51

Health: -2/124     AC: 11    Str: 28    XL:     12   Next: 6%
Magic:  11/11      EV:  7    Int:  2    God:    Trog [****..]
Gold:   595        SH:  2    Dex:  9    Spells: 11/11 levels left

rFire   . . .        p - +8 hand axe of the Winnowing Ancients {heavy, Int-2 SInv Stlth+}
rCold   . . .        A - +0 buckler
rNeg    . . .        z - +0 plate armour
rPois   .            (helmet restricted)
rElec   .            (no cloak)
rCorr   .            (no gloves)
SInv    +            (no boots)
Will    .....        (no amulet) Stlth
                     (no ring)
HPRegen 0.40/turn    (no ring)
MPRegen 0.12/turn

%: no passive effects
@: lethally poisoned (-2 -> -24), on berserk cooldown, slowed, very slow
A: horns 2, retaliatory headbutt
a: Renounce Religion, Berserk, Trog's Hand, Brothers in Arms


You were on level 1 of the Lair of Beasts.
You worshipped Trog.
Trog was greatly pleased with you.
You visited 2 branches of the dungeon, and saw 12 of its levels.

You collected 595 gold pieces.

Inventory:

Hand Weapons
 h - a +0 morningstar of draining {!w}
   (You took it off Maggie on level 6 of the Dungeon)
 p - the +8 hand axe of the Winnowing Ancients (weapon) {heavy, Int-2 SInv Stlth+}
   (You found it on level 5 of the Dungeon)

   Int:       It affects your intelligence (-2).
   SInv:      It lets you see invisible.
   Stlth:     It makes you more stealthy.
Missiles
 f - 81 stones
 j - 10 poisoned darts
 u - 5 curare-tipped darts {=f}
Armour
 o - a +1 chain mail of fire resistance
   (You found it on level 5 of the Dungeon)
 z - a +0 plate armour (worn)
   (You took it off an orc warrior on level 10 of the Dungeon)
 A - a +0 buckler (worn)
   (You found it on level 8 of the Dungeon)
Magical Staves
 w - a staff of conjuration {forbidden!a}
   (You took it off an orc on level 8 of the Dungeon)
Jewellery
 C - a ring of protection from cold {rC+}
   (You found it on level 8 of the Dungeon)
 R - a ring of resist corrosion
   (You found it on level 9 of the Dungeon)
Wands
 c - a wand of iceblast (18)
   (You took it off Maggie on level 6 of the Dungeon)
 k - a wand of paralysis (9)
   (You took it off Ijyb on level 4 of the Dungeon)
 r - a wand of mindburst (8)
   (You found it on level 5 of the Dungeon)
 v - a wand of flame (9)
   (You found it on level 10 of the Dungeon)
Scrolls
 n - 3 scrolls of vulnerability {!r!r}
 q - 2 scrolls of torment {!r}
 s - 7 scrolls of identify {@r1}
 x - 2 scrolls of teleportation {@r4}
 y - a scroll of revelation
 B - a scroll of poison {!r}
 E - a scroll of fear {unknown}
Potions
 a - a potion of brilliance {unknown}
 b - a potion of resistance {unknown}
 d - a potion of berserk rage {unknown}
 e - 3 potions of curing {@q1}
 g - 2 potions of enlightenment {unknown}
 i - 7 potions of heal wounds {unknown}
 l - 3 potions of haste {@q3}
 m - 2 potions of lignification {unknown}
 t - 2 potions of mutation {unknown}
 D - 2 potions of invisibility {unknown}


   Skills:
 + Level 16.7 Fighting
 + Level 16.7 Axes
 - Level 2.4 Armour
 - Level 2.1 Dodging


You had 11 spell levels left.
You didn't know any spells.
Your spell library contained the following spells:

 Spells                   Type           Power      Damage    Failure   Level
 Magic Dart               Conj           0%         1d3       100%        1
 Cigotuvi's Dreadful Rot  Necr/Pois/Air  0%         N/A       100%        2
 Ensorcelled Hibernation  Hex/Ice        0%         N/A       100%        2
 Passwall                 Tmut/Erth      0%         N/A       100%        2
 Searing Ray              Conj           0%         2d4       100%        2
 Frozen Ramparts          Ice            0%         1d1       100%        3
 Inner Flame              Hex/Fire       0%         N/A       100%        3
 Ozocubu's Armour         Ice            0%         N/A       100%        3
 Summon Guardian Golem    Hex/Summ       0%         N/A       100%        3
 Swiftness                Air            0%         N/A       100%        3
 Dispel Undead            Necr           0%         3d6       100%        4
 Flame Wave               Conj/Fire      0%         2d4       100%        4
 Fulminant Prism          Conj/Hex       0%         3d5       100%        4
 Ice Form                 Ice/Tmut       0%         N/A       100%        4
 Sticky Flame             Conj/Fire      0%         2d3       100%        4
 Summon Ice Beast         Ice/Summ       0%         N/A       100%        4
 Death Channel            Necr           0%         N/A       100%        6
 Orb of Destruction       Conj           0%         9d5       100%        7
 Ozocubu's Refrigeration  Ice            0%         4d7       100%        7
 Spellforged Servitor     Conj/Summ      0%         N/A       100%        7


Dungeon Overview and Level Annotations

Branches:
Dungeon (11/15)            Temple (0/1) D:6            Lair (1/5) D:9
    Orc: D:9-12

Altars:
Dithmenos
Fedhas
Hepliaklqana
Kikubaaqudgha
Qazlal
Ru
Wu Jian
Xom
Zin

Shops:
D:4 [

Annotations:
D:9 3 runed translucent doors, hitsuchi's ghost, novice MeEE; philipeq's ghost, novice DsFi


Innate Abilities, Weirdness & Mutations

You have a pair of horns on your head.
You reflexively headbutt those who attack you in melee.


Message History

Could not explore, unopened runed door.
There is an open door here.
You open the door.
There is an open door here.
There is a stone staircase leading down here.
(D) Dungeon (T) Temple (L) Lair
Where to? (Enter - D:9 @ (x,y), ? - help)
What level of the Lair of Beasts? (default 1, ? - help)
There is a staircase to the Lair here.
You climb downwards.
Welcome back to the Lair of Beasts!
There is a staircase back to the Dungeon, spattered with blood here.
No target in view!
Found a stone staircase leading down.
No target in view!
You now have 595 gold pieces (gained 14).
You see here a +0 chain mail.
A bullfrog comes into view.
The bullfrog croaks.
A cane toad comes into view.
The cane toad gives a loud, deep croak!
You hear an angry hiss.
There are monsters nearby!
The bullfrog hits you.
There are monsters nearby!
You take 1 damage, and have 123/124 hp.
The bullfrog attacks as you move away! The bullfrog barely misses you.
The bullfrog attacks as you move away! The bullfrog barely misses you.
You furiously retaliate!
You headbutt the bullfrog!
The bullfrog snags a nearby moth with its tongue.
The bullfrog hits you!
You take 6 damage, and have 117/124 hp.
The bullfrog attacks as you move away!
The bullfrog hits you but does no damage.
The bullfrog hits you but does no damage.
You completely miss the bullfrog.
The bullfrog hits you but does no damage.
You slice the bullfrog!!
You kill the bullfrog!
Trog accepts your kill.
A cane toad is nearby!
A cane toad is nearby!
A cane toad is nearby!
You completely miss the cane toad. Your headbutt misses the cane toad.
The cane toad stings you!
You take 16 damage, and have 103/124 hp.
You slash the cane toad!
You headbutt the cane toad, but do no damage.
The cane toad stings you!
You take 13 damage, and have 90/124 hp.
You closely miss the cane toad. The cane toad stings you!
You are poisoned.
The cane toad poisons you!
You take 14 damage, and have 76/124 hp.
You hit the cane toad. You headbutt the cane toad!
You feel very sick. The cane toad stings you.
A yak comes into view.
You take 9 damage, and have 67/124 hp.
You hit the cane toad.
You feel very sick. The cane toad stings you!
You are more poisoned.
The cane toad poisons you!
You take 20 damage, and have 47/124 hp.
You hit the cane toad.
You feel very sick. The cane toad stings you!
* * * LOW HITPOINT WARNING * * *
You take 17 damage, and have 30/124 hp.
You hit the cane toad but do no damage. Your headbutt misses the cane toad.
You feel very sick. The cane toad stings you!
* * * LOW HITPOINT WARNING * * *
You are more poisoned.
The cane toad poisons you!
You take 18 damage, and have 12/124 hp.
A red film seems to cover your vision as you go berserk!
You feel yourself moving faster!
You feel mighty!
* * * LOW HITPOINT WARNING * * *
You feel extremely sick.
The cane toad stings you but does no damage.
A yak comes into view.
The cane toad barely misses you. You furiously retaliate!
You headbutt the cane toad!!
You kill the cane toad!
Trog accepts your kill.
You now have 11/186 hp.
You feel a strong urge to attack something.
* * * LOW HITPOINT WARNING * * *
You feel very sick.
The yak bellows!
You take 5 damage, and have 6/186 hp.
* * * LOW HITPOINT WARNING * * *
You feel very sick.
You take 3 damage, and have 3/186 hp.
You are too berserk!
You are too berserk!
You feel your anger nearly subside.
You are no longer berserk.
You are exhausted.
You feel yourself slow down.
You die...

................
................
............F...
.....Y.........
.#P.#.....##
../.........#
.......(.Y.######
.....#.....###..#
..........†.@...#
..#.##......##..+
...[.......##P..#
..........###.##
.........##P.###...
....................
....................
....................
###.#...............


You could see 2 yaks.

Vanquished Creatures
  Erolcha (D:11)
  Erica (D:8)
  A boulder beetle (D:11)
  2 two-headed ogres (D:9 D:11)
  3 death yaks (D:9)
  Amaemon (D:8)
  A lindwurm (shapeshifter) (D:9)
  A wizard (D:9)
  An ugly thing (D:11)
  2 cane toads (Lair:1)
  Maggie (D:6)
  A gargoyle (D:11)
  An orange demon (D:8)
  2 shadows (D:8 D:11)
  A wraith (D:10)
  A vampire (D:11)
  A wyvern (D:8)
  20 yaks (D:9 D:10 D:11)
  9 vampire mosquitoes (D:9 D:10 D:11)
  2 water moccasins (D:7 Lair:1)
  2 ice beasts (D:6 D:7)
  3 orc warriors (D:8 D:9 D:10)
  3 black bears (D:3 D:4 D:5)
  A sky beast (D:7)
  An ogre (D:4)
  3 centaurs (D:5 D:7 D:9)
  A kobold brigand (D:6)
  A gnoll sergeant (D:9)
  4 bullfrogs (D:8 D:9 Lair:1)
  3 scorpions (D:4 D:5)
  7 wights (D:8 D:10)
  A howler monkey (D:7)
  A quasit (D:6)
  3 hounds (D:4 D:6)
  2 jellies (D:3 D:7)
  5 orc priests (D:4 D:6 D:8 D:10)
  A sleepcap (D:5)
  Ijyb (D:4)
  2 iguanas (D:5 D:6)
  10 orc wizards (D:3 D:4 D:5 D:9 D:10)
  15 adders (D:2 D:3 D:4 D:5 D:6)
  8 gnolls (D:4 D:9)
  4 white imps (D:4 D:5 D:6)
  2 ufetubi (D:6)
  4 worms (D:3 D:4 D:5)
  6 dart slugs (D:1 D:2 D:3)
  40 orcs (D:3 D:4 D:5 D:6 D:8)
  4 ball pythons (D:1 D:2 D:3)
  9 endoplasms (D:1 D:2 D:3 D:4)
  2 giant cockroaches (D:1 D:2)
  7 goblins (D:2 D:3 D:4)
  6 hobgoblins (D:1 D:2)
  3 jackals (D:1)
  14 kobolds (D:1 D:3 D:4 D:6)
  2 quokkas (D:3 D:5)
  4 bats (D:1 D:2 D:3)
  5 frilled lizards (D:2 D:3)
  7 rats (D:1 D:2 D:3)
250 creatures vanquished.

Vanquished Creatures (others)
  A human (D:3)
  An orc wizard (D:3)
2 creatures vanquished.

Grand Total: 252 creatures vanquished

Notes
Turn   | Place    | Note
-------+----------+-------------------------------------------
     0 | D:1      | Elmgren the Minotaur Berserker began the quest for the Orb.
     0 | D:1      | Reached XP level 1. HP: 19/19 MP: 0/0
     0 | D:1      | magus.rc [v1.11.6]
   137 | D:1      | Reached skill level 4 in Fighting
   137 | D:1      | Reached skill level 4 in Axes
   198 | D:1      | Reached XP level 2. HP: 27/27 MP: 1/1
   861 | D:2      | Reached XP level 3. HP: 30/34 MP: 2/2
   978 | D:2      | Reached ** piety under Trog
  1101 | D:2      | You add the spells Magic Dart, Searing Ray and Fulminant
                  | Prism to your library.
  1227 | D:2      | Reached XP level 4. HP: 41/41 MP: 3/3
  1233 | D:2      | Reached skill level 5 in Fighting
  1233 | D:2      | Reached skill level 5 in Axes
  1262 | D:2      | You add the spells Summon Guardian Golem, Orb of
                  | Destruction and Spellforged Servitor to your library.
  1612 | D:3      | Noticed a black bear
  1619 | D:3      | Killed a black bear
  1620 | D:3      | Reached XP level 5. HP: 50/50 MP: 4/4
  1786 | D:3      | Reached skill level 6 in Fighting
  1786 | D:3      | Reached skill level 6 in Axes
  2455 | D:3      | Reached XP level 6. HP: 39/58 MP: 5/5
  2613 | D:3      | Found a large runed translucent door.
  2663 | D:3      | Found a large runed translucent door.
  2716 | D:3      | Found an ancient bone altar of Kikubaaqudgha.
  2719 | D:3      | Noticed a human
  2722 | D:3      | Killed a human
  2830 | D:3      | Found a shadowy altar of Dithmenos.
  2833 | D:3      | Found an ornate altar of the Wu Jian Council.
  2846 | D:3      | Upgraded the game from 0.31-a0-177-g4aa6249778 to
                  | 0.31-a0-180-g519b7de00c
  2846 | D:3      | magus.rc [v1.11.6]
  3093 | D:4      | Reached skill level 7 in Fighting
  3093 | D:4      | Reached skill level 7 in Axes
  3210 | D:4      | Reached XP level 7. HP: 61/66 MP: 6/6
  3215 | D:4      | Reached *** piety under Trog
  3266 | D:4      | HP: 15/66 [orc/+0 flail (6)]
  3694 | D:4      | magus.rc [v1.11.6]
  3719 | D:4      | Found Diosmaph's Armour Shoppe.
  3719 | D:4      | Identified +0 gold dragon scales
  3719 | D:4      | Noticed an animated gold dragon scales
  3719 | D:4      | Identified a +0 crystal plate armour
  3719 | D:4      | Noticed an animated crystal plate armour
  3941 | D:4      | Reached skill level 8 in Fighting
  3941 | D:4      | Reached skill level 8 in Axes
  4293 | D:5      | Entered Level 5 of the Dungeon
  4319 | D:5      | Found a glowing silver altar of Zin.
  4785 | D:4      | Noticed Ijyb
  4797 | D:4      | Killed Ijyb
  4871 | D:5      | Found a stormy altar of Qazlal.
  4875 | D:5      | Found a blossoming altar of Fedhas.
  4898 | D:5      | Identified the +8 hand axe of the Winnowing Ancients
                  | {heavy, Int-2 SInv Stlth+}
  4969 | D:5      | Reached XP level 8. HP: 62/75 MP: 7/7
  5046 | D:5      | You add the spells Cigotuvi's Dreadful Rot, Dispel Undead
                  | and Death Channel to your library.
  5219 | D:5      | Reached skill level 9 in Axes
  5243 | D:5      | Found a sacrificial altar of Ru.
  5332 | D:5      | Reached skill level 9 in Fighting
  5925 | D:6      | Found a hazy altar of Hepliaklqana.
  5947 | D:6      | You add the spells Ozocubu's Armour and Ozocubu's
                  | Refrigeration to your library.
  5968 | D:6      | Found a staircase to the Ecumenical Temple.
  5969 | D:6      | Noticed Maggie
  6227 | D:6      | Killed Maggie
  6228 | D:6      | Reached skill level 10 in Fighting
  6228 | D:6      | Reached skill level 10 in Axes
  7129 | D:7      | You add the spells Frozen Ramparts, Ice Form and Summon Ice
                  | Beast to your library.
  7247 | D:7      | Reached XP level 9. HP: 76/86 MP: 8/8
  7649 | D:7      | Reached skill level 11 in Fighting
  7649 | D:7      | Reached skill level 11 in Axes
  7724 | D:8      | Noticed Erica
  7734 | D:8      | Killed Erica
  7901 | D:8      | Reached skill level 12 in Fighting
  7901 | D:8      | Reached skill level 12 in Axes
  8067 | D:8      | You add the spells Inner Flame, Sticky Flame and Flame Wave
                  | to your library.
  8402 | D:8      | Noticed Amaemon
  8402 | D:8      | Noticed an orange demon
  8418 | D:8      | Killed Amaemon
  8419 | D:8      | Reached XP level 10. HP: 100/100 MP: 9/9
  8422 | D:8      | Killed an orange demon
  8927 | D:8      | Noticed a centaur warrior
  8927 | D:8      | Noticed a brown ugly thing
  8997 | D:9      | Reached skill level 13 in Axes
  8999 | D:9      | Reached **** piety under Trog
  9000 | D:9      | Reached skill level 13 in Fighting
  9226 | D:9      | Found a runed translucent gate.
  9227 | D:9      | Found a runed translucent gate.
  9228 | D:9      | Found a runed translucent gate.
  9297 | D:9      | Noticed a wizard
  9299 | D:9      | Noticed a lindwurm
  9302 | D:9      | Killed a wizard
  9306 | D:9      | Killed a lindwurm
  9387 | D:9      | Found a shimmering altar of Xom.
  9396 | D:9      | Noticed a two-headed ogre
  9415 | D:9      | Killed a two-headed ogre
  9416 | D:9      | Reached skill level 14 in Axes
  9526 | D:9      | Reached skill level 14 in Fighting
  9839 | D:9      | Noticed a death yak
  9845 | D:9      | Noticed a death yak
  9846 | D:9      | Noticed a death yak
  9850 | D:9      | Killed a death yak
  9863 | D:9      | Killed a death yak
  9864 | D:9      | Reached XP level 11. HP: 52/111 MP: 10/10
  9866 | D:9      | Killed a death yak
 10073 | D:9      | Found a staircase to the Lair.
 10666 | D:9      | Noticed hitsuchi's ghost (novice MeEE)
 10666 | D:9      | Noticed philipeq's ghost (novice DsFi)
 10749 | D:10     | Entered Level 10 of the Dungeon
 10772 | D:10     | You add the spells Passwall, Ensorcelled Hibernation and
                  | Swiftness to your library.
 10941 | D:10     | Reached skill level 15 in Axes
 10943 | D:10     | Reached skill level 15 in Fighting
 12129 | D:11     | Reached skill level 16 in Fighting
 12129 | D:11     | Reached skill level 16 in Axes
 12194 | D:11     | Reached ***** piety under Trog
 12210 | D:11     | Noticed a white ugly thing
 12216 | D:11     | Killed a white ugly thing
 12881 | D:11     | Noticed a two-headed ogre
 12888 | D:11     | HP: 23/171 [two-headed ogre/+0 giant spiked club (26)]
 12889 | D:11     | Killed a two-headed ogre
 13293 | D:11     | Noticed Erolcha
 13304 | D:11     | Killed Erolcha
 13323 | D:11     | Noticed a boulder beetle
 13336 | D:11     | Killed a boulder beetle
 13738 | Lair:1   | Entered Level 1 of the Lair of Beasts
 13746 | Lair:1   | Reached XP level 12. HP: 87/124 MP: 11/11
 13755 | D:9      | HP: 30/124 [poisoned by a cane toad]
 13760 | D:9      | HP: 26/124 [poisoned by a cane toad]
 14107 | D:9      | magus.rc [v1.11.6]
 14260 | Lair:1   | HP: 47/124 [cane toad (16)]
 14262 | Lair:1   | HP: 12/124 [cane toad (13)]
 14265 | Lair:1   | HP: 3/186 [poisoned by a cane toad]
 14266 | Lair:1   | Succumbed to a cane toad's poison

Illustrated notes

Levels and vault maps discovered:
D:1:      wander_arrival_lonely_grave, layout_basic
D:2:      layout_loops_cross, serial_bayou_lake_a
D:3:      mumra_celtic_spiral_tile, layout_loops_ring, jmf_multi_god_temple2,
          tgw_kikubaaqudgha
D:4:      layout_cave_pools, serial_shops, nicolae_shop_mannequins, uniq_ijyb
D:5:      layout_basic, grunt_temple_overflow_forces_of_nature,
          mainiacjoe_overflow_tiny_flanked, nicolae_ru_the_path_less_chosen
D:6:      layout_cave_pods, nzn_hepliaklqana_mist_gate,
          minmay_temple_entry_grid, serial_demonic, serial_demonic_d,
          serial_demonic_b, serial_demonic_e, serial_demonic_c,
          serial_demonic_b, serial_demonic_g, uniq_maggie
D:7:      layout_gridville
D:8:      layout_basic, serial_corexii_hall, chequers_hall_statues_y,
          corexii_hall_statues_i, hangedman_abyss_or_decor_lesser_grid,
          lightli_corner_chamber, uniq_amaemon, uniq_erica
D:9:      layout_stronghold, lemuel_crystal_altar, dpeg_lair_monsters,
          gammafunk_ghost_cemetery, minivault_20
D:10:     layout_roguey
D:11:     layout_basic, nzn_life_drinkers, uniq_erolcha
Lair:1:   layout_regular_city, grunt_megastairs_3

Skill      XL: |  1  2  3  4  5  6  7  8  9 10 11 |
---------------+----------------------------------+-----
Fighting       | 4 5 6 7 8 10 12 14 16 | 16.7
Axes           | 4 5 6 7 8 10 12 14 16 | 16.7
Armour         | |  2.4
Dodging        | |  2.1

Action                     |  1- 3 |  4- 6 |  7- 9 | 10-12 || total
---------------------------+-------+-------+-------+-------++-------
  Melee: Hand axe          |    83 |   117 |   216 |   200 ||   616
         Headbutt          |    11 |    19 |    30 |    40 ||   100
         Punch             |       |     1 |     1 |       ||     2
 Invoke: Berserk           |       |     2 |     9 |     8 ||    19
    Use: Scroll            |     5 |       |     9 |     2 ||    16
         Potion            |       |       |     1 |       ||     1
   Stab: Sleeping          |     1 |       |       |       ||     1
 Armour: Animal skin       |     6 |       |       |       ||     6
         Scale mail        |    29 |    37 |    27 |       ||    93
         Chain mail        |       |       |    46 |    30 ||    76
         Plate armour      |       |       |       |    28 ||    28
  Dodge: Dodged            |    60 |    39 |   111 |    72 ||   282
  Block: Buckler           |       |       |       |     8 ||     8

Table legend: (Time is in decaauts)
 A = Elapsed time spent in this place.
 B = Non-inter-level travel time spent in this place.
 C = Inter-level travel time spent in this place.
 D = Time resting spent in this place.
 E = Time spent auto-exploring this place.
 F = Levels seen in this place.
 G = Mean time per level.
                   A        B        C        D        E       F      G
               +--------+--------+--------+--------+--------+-----+--------+
         Total |  14447 |  13878 |    569 |   5093 |   7171 |  12 | 1203.9 |
       Dungeon |  14393 |  13826 |    567 |   5093 |   7152 |  11 | 1308.5 |
          Lair |     54 |     52 |      2 |      0 |     19 |   1 |   54.0 |
               +--------+--------+--------+--------+--------+-----+--------+

Top non-repeatable levels by time:
     D:9: 2286 daAuts
     D:3: 2080 daAuts
    D:11: 1921 daAuts
     D:8: 1296 daAuts
     D:6: 1238 daAuts
     D:5: 1124 daAuts
    D:10: 1057 daAuts
     D:4: 953 daAuts
     D:2: 924 daAuts
     D:1: 851 daAuts
     D:7: 658 daAuts
  Lair:1: 54 daAuts

Levels and vault maps discovered:
D:1:      wander_arrival_lonely_grave, layout_basic
D:2:      layout_loops_cross, serial_bayou_lake_a
D:3:      mumra_celtic_spiral_tile, layout_loops_ring, jmf_multi_god_temple2,
          tgw_kikubaaqudgha
D:4:      layout_cave_pools, serial_shops, nicolae_shop_mannequins, uniq_ijyb
D:5:      layout_basic, grunt_temple_overflow_forces_of_nature,
          mainiacjoe_overflow_tiny_flanked, nicolae_ru_the_path_less_chosen
D:6:      layout_cave_pods, nzn_hepliaklqana_mist_gate,
          minmay_temple_entry_grid, serial_demonic, serial_demonic_d,
          serial_demonic_b, serial_demonic_e, serial_demonic_c,
          serial_demonic_b, serial_demonic_g, uniq_maggie
D:7:      layout_gridville
D:8:      layout_basic, serial_corexii_hall, chequers_hall_statues_y,
          corexii_hall_statues_i, hangedman_abyss_or_decor_lesser_grid,
          lightli_corner_chamber, uniq_amaemon, uniq_erica
D:9:      layout_stronghold, lemuel_crystal_altar, dpeg_lair_monsters,
          gammafunk_ghost_cemetery, minivault_20
D:10:     layout_roguey
D:11:     layout_basic, nzn_life_drinkers, uniq_erolcha
Lair:1:   layout_regular_city, grunt_megastairs_3

Table legend: (Time is in decaauts)
 A = Elapsed time spent in this place.
 B = Non-inter-level travel time spent in this place.
 C = Inter-level travel time spent in this place.
 D = Time resting spent in this place.
 E = Time spent auto-exploring this place.
 F = Levels seen in this place.
 G = Mean time per level.
                   A        B        C        D        E       F      G
               +--------+--------+--------+--------+--------+-----+--------+
         Total |  14447 |  13878 |    569 |   5093 |   7171 |  12 | 1203.9 |
       Dungeon |  14393 |  13826 |    567 |   5093 |   7152 |  11 | 1308.5 |
          Lair |     54 |     52 |      2 |      0 |     19 |   1 |   54.0 |
               +--------+--------+--------+--------+--------+-----+--------+

Top non-repeatable levels by time:
     D:9: 2286 daAuts
     D:3: 2080 daAuts
    D:11: 1921 daAuts
     D:8: 1296 daAuts
     D:6: 1238 daAuts
     D:5: 1124 daAuts
    D:10: 1057 daAuts
     D:4: 953 daAuts
     D:2: 924 daAuts
     D:1: 851 daAuts
     D:7: 658 daAuts
  Lair:1: 54 daAuts

Table legend:
 A = Kills in this place as a percentage of kills in the entire game.
 B = Kills by you in this place as a percentage of kills by you in the entire game.
 C = Kills by friends in this place as a percentage of kills by friends in the entire game.
 D = Other kills in this place as a percentage of other kills in the entire game.
 E = Experience gained in this place as a percentage of experience gained in the entire game.
 F = Experience gained in this place divided by the number of levels of this place that you have seen.
                   A       B       C       D       E      F
               +-------+-------+-------+-------+-------+----------------------
         Total | 100.0 | 100.0 |   N/A | 100.0 | 100.0 | 1909.6
       Dungeon |  98.4 |  98.4 |   N/A | 100.0 |  95.2 | 1983.4
          Lair |   1.6 |   1.6 |   N/A |   0.0 |   4.8 | 1098.0
               +-------+-------+-------+-------+-------+----------------------
